AoeStats
← GambitBoyNC

Arena

509592999Analyzed
3v3 RM · 5d ago on Sep 27, 2026· 41m 39s· 6 players
Game mode
Random Map
Map size
Normal (6 player)
Population
200
Speed
Normal
Resources
Standard
Victory
Conquest
Starting age
Dark Age
Ending age
Imperial Age
RankedLock teamsTeams togetherTeam positionsShared explorationLock speedFull tech treeHidden civsTurbo modeCheats
Victory
Defeat
🇫🇷 Turks · France
787
+9
🇫🇷 Hindustanis · France
706
+12
🇳🇨 Franks · New Caledonia
687
+14
🇨🇳 Bulgarians · China
658
-13
🇪🇸 Franks · Spain
635
-12
🇨🇭 Persians · Switzerland
586
-10
Archaon el Elegido
4:48 Loom
10:13 Feudal Age
10:47 Town Watch
10:54 Double-Bit Axe
15:00 Gold Mining
19:51 Wheelbarrow
23:51 Castle Age
22:59 Forging
23:09 Scale Barding Armor
23:43 Fletching
23:59 Stone Mining
24:04 Arson
25:35 Husbandry
26:17 Bow Saw
29:39 Fortified Wall
29:26 Murder Holes
35:09 Imperial Age
35:18 Hand Cart
35:26 Ballistics
36:47 Iron Casting
36:33 Chain Barding Armor
36:48 Conscription
36:25 Cavalier
40:21 Blast Furnace
40:00 Plate Barding Armor
39:15 Pikeman
Hernan-Cortez
10:07 Feudal Age
11:18 Horse Collar
11:25 Double-Bit Axe
15:00 Loom
15:03 Town Watch
17:56 Castle Age
15:58 Gold Mining
17:09 Stone Mining
18:03 Wheelbarrow
25:04 Caravan
28:13 Forging
28:09 Scale Barding Armor
30:39 Thumb Ring
29:55 Crossbowman
30:29 Fletching
30:40 Padded Archer Armor
35:03 Imperial Age
RYOUSHI HAN
10:16 Feudal Age
10:45 Double-Bit Axe
20:09 Castle Age
19:16 Bloodlines
19:56 Horse Collar
21:47 Forging
22:29 Bow Saw
22:21 Heavy Plow
22:16 Gold Mining
24:39 Gold Shaft Mining
24:31 Husbandry
25:27 Iron Casting
27:04 Scale Barding Armor
28:09 Wheelbarrow
28:19 Light Cavalry
29:27 Hand Cart
33:32 Imperial Age
31:04 Town Watch
31:05 Loom
31:44 Ballistics
32:43 Town Patrol
33:18 Chain Barding Armor
33:01 Scale Mail Armor
jono
10:25 Loom
12:13 Feudal Age
12:24 Loom
14:35 Town Watch
14:45 Double-Bit Axe
17:16 Castle Age
17:55 Forging
17:50 Scale Barding Armor
25:11 Stone Mining
25:14 Gold Mining
25:50 Bow Saw
27:36 Stone Mining
27:45 Treadmill Crane
28:01 Murder Holes
28:20 Masonry
31:33 Imperial Age
30:06 Wheelbarrow
30:00 Caravan
32:03 Gold Shaft Mining
31:05 Ordonnance Companies
32:21 Town Patrol
32:36 Hand Cart
33:27 Iron Casting
32:58 Scale Barding Armor
33:20 Ballistics
34:24 Architecture
33:58 Cavalier
34:57 Husbandry
34:18 Light Cavalry
36:46 Blast Furnace
36:06 Chain Barding Armor
37:48 Fletching
37:37 Paladin
39:21 Chivalry
40:41 Plate Barding Armor
chazychaz
10:33 Feudal Age
14:01 Castle Age
11:57 Double-Bit Axe
12:40 Horse Collar
16:41 Bow Saw
19:31 Loom
19:46 Stone Mining
19:47 Gold Mining
24:20 Imperial Age
23:20 Padded Archer Armor
25:00 Leather Archer Armor
26:28 Ring Archer Armor
33:30 Wheelbarrow
34:11 Two-Man Saw
34:39 Gold Shaft Mining
33:55 Stone Mining
37:30 Hand Cart
38:25 Town Watch
38:47 Heavy Plow
41:11 Artillery
41:35 Conscription
41:51 Hoardings
GambitBoyNC
8:56 Loom
10:49 Feudal Age
17:03 Castle Age
15:21 Forging
15:19 Scale Barding Armor
15:25 Double-Bit Axe
15:26 Horse Collar
20:28 Caravan
20:22 Gold Mining
20:24 Stone Mining
21:37 Wheelbarrow
20:48 Loom
20:48 Town Watch
23:24 Fervor
25:54 Iron Casting
25:34 Squires
25:22 Arson
27:07 Gold Shaft Mining
27:07 Stone Shaft Mining
26:53 Bow Saw
29:44 Hand Cart
29:36 Town Patrol
31:09 Heavy Plow
33:00 Ballistics
32:35 Murder Holes
32:51 Fortified Wall
32:52 Masonry
35:21 Imperial Age
33:40 Chain Barding Armor
33:12 Fletching
35:16 Husbandry
35:27 Bloodlines
35:41 Bodkin Arrow
37:35 Stone Shaft Mining
36:41 Heavy Camel Rider
38:30 Blast Furnace
37:31 Bracer
37:32 Padded Archer Armor
38:08 Plate Barding Armor
38:42 Chemistry
37:48 Siege Engineers
37:46 Onager
39:12 Imperial Camel Rider
41:10 Hoardings
40:37 Grand Trunk Road
40:59 Conscription
40:41 Light Cavalry
Connection lost

Rejoining the realm…

Still unreachable

The connection could not be restored.

Session expired

The server has moved on; the page needs a fresh start.